 Dungeon Crawl Stone Soup version 0.30-b1-2-g02819fbbbe (webtiles) character file.

Game seed: 15416428868575020465

2174 Arzdou the Basher (level 9, -10/55 HPs)
             Began as a Gargoyle Fighter on May 23, 2023.
             Was a Follower of Elyvilon.
             Killed from afar by an acid dragon (37 damage)
             ... with a splash of acid
             ... on level 6 of the Dungeon.
             The game lasted 00:10:14 (5530 turns).

Arzdou the Basher (Gargoyle Fighter)                Turns: 5530, Time: 00:10:14

Health: -10/55     AC: 15    Str: 20    XL:     9   Next: 32%
Magic:  9/9        EV:  9    Int: 13    God:    Elyvilon [*.....]
Gold:   338        SH:  4    Dex:  9    Spells: 8/8 levels left

rFire   . . .        M - +0 whip (flame)
rCold   . . .        c - +0 buckler
rNeg    + + .        b - +0 scale mail
rPois   ∞            l - +1 helmet
rElec   +            K - +0 cloak
rCorr   .            z - +0 pair of gloves
SInv    .            (no boots)
Will    .....        (no amulet) Stlth
                     j - ring of positive energy
HPRegen 0.29/turn    (no ring)
MPRegen 0.11/turn

%: no passive effects
@: corroded
A: sickness immunity, AC +6, negative energy resistance 1, electricity
resistance, torment resistance 1, petrification resistance
a: Renounce Religion, Purification


You were on level 6 of the Dungeon.
You worshipped Elyvilon.
Elyvilon was aware of your devotion.
You visited 2 branches of the dungeon, and saw 7 of its levels.

You collected 338 gold pieces.

Inventory:

Hand Weapons
 a - a +0 flail
 m - a +2 mace of protection
 E - a +0 flail of holy wrath
 M - a +0 whip of flaming (weapon)
Armour
 b - a +0 scale mail (worn)
 c - a +0 buckler (worn)
 l - a +1 helmet (worn)
 z - a +0 pair of gloves (worn)
 K - a +0 cloak (worn)
Jewellery
 j - a ring of positive energy (left hand)
 q - the amulet of Elemental Vulnerability {rPois rF-- rC-- AC+8}
   (You found it on level 2 of the Dungeon)

   [amulet of nothing]

   AC:        It affects your AC (+8).
   rF:        It makes you very vulnerable to fire.
   rC:        It makes you very vulnerable to cold.
   rPois:     It protects you from poison.
 x - a ring of resist corrosion
 F - an amulet of magic regeneration
Wands
 H - a wand of charming (8)
 J - a wand of flame (16)
Scrolls
 e - a scroll of amnesia
 h - a scroll of vulnerability
 k - a scroll of summoning {unknown}
 o - a scroll of blinking {unknown}
 p - 2 scrolls of enchant armour
 r - 3 scrolls of identify {unknown}
 t - a scroll of enchant weapon {unknown}
 u - 4 scrolls of teleportation
 w - a scroll of brand weapon {unknown}
 y - 2 scrolls of poison
 C - a scroll of noise {unknown}
 D - a scroll of magic mapping {unknown}
 N - a scroll of fear {unknown}
Potions
 d - a potion of magic {unknown}
 f - a potion of haste
 g - a potion of resistance
 i - 2 potions of brilliance
 n - 2 potions of degeneration {unknown}
 s - 5 potions of lignification {unknown}
 v - 4 potions of curing
 A - a potion of mutation {unknown}
 B - a potion of invisibility {unknown}
 G - a potion of might
 I - 2 potions of ambrosia {unknown}
 L - a potion of flight {unknown}


   Skills:
 + Level 5.8 Fighting
 - Level 10.0 Maces & Flails
 - Level 7.0 Armour
 - Level 3.3 Shields


You had 8 spell levels left.
You didn't know any spells.
Your spell library contained the following spells:

 Spells                   Type           Power      Damage    Failure   Level
 Foxfire                  Conj/Fire      0%         2x1d4     69%         1
 Gell's Gravitas          Tloc           0%         N/A       96%         3
 Ignite Poison            Fire/Tmut/Pois 0%         N/A       96%         3
 Teleport Other           Tloc           0%         N/A       96%         3
 Sticky Flame             Conj/Fire      0%         2d3       100%        4
 Fireball                 Conj/Fire      0%         3d3       100%        5
 Freezing Cloud           Conj/Ice/Air   0%         6-21      100%        5
 Dispersal                Tloc           0%         N/A       100%        6
 Plasma Beam              Fire/Air       0%         2x1d11    100%        6
 Starburst                Conj/Fire      0%         6d3       100%        6
 Ignition                 Fire           0%         3d3       100%        8
 Cigotuvi's Dreadful Rot  Necr/Pois/Air  Unusable   N/A       N/A         2

Dungeon Overview and Level Annotations

Branches:
Dungeon (6/15)             Temple (1/1) D:4

Altars:
Ashenzari
Cheibriados
Dithmenos
Elyvilon
Fedhas
Gozag
Hepliaklqana
Kikubaaqudgha
Makhleb
Sif Muna
Trog
Wu Jian
Xom
Yredelemnul

Shops:
D:3 :


Innate Abilities, Weirdness & Mutations

You are immune to sickness and miasma.
Your stone body is resilient. (AC +6)
You are immune to poison.
You resist negative energy. (rN+)
You are resistant to electric shocks. (rElec)
You are resistant to unholy torment.
You are immune to petrification.


Message History

The splash of acid hits you!
You hit the acid dragon but do no damage.
The acid dragon is severely wounded.
The acid dragon spits acid at you. The splash of acid hits you!
You are too injured to fight recklessly!
You are too injured to fight recklessly!
You are too injured to fight recklessly!
You are too injured to fight recklessly!
You are too injured to fight recklessly!
You are too injured to fight recklessly!
You are too injured to fight recklessly!
You are too injured to fight recklessly!
You are too injured to fight recklessly!
You are too injured to fight recklessly!
You are too injured to fight recklessly!
You are too injured to fight recklessly!
You are too injured to fight recklessly!
You are too injured to fight recklessly!
You are too injured to fight recklessly!
You are too injured to fight recklessly!
You are too injured to fight recklessly!
You hit the acid dragon but do no damage.
The acid dragon is severely wounded.
You hit the acid dragon but do no damage.
The acid dragon is severely wounded.
The acid dragon bites you but does no damage.
The acid dragon barely misses you.
You hit the acid dragon but do no damage.
The acid dragon is severely wounded.
You hit the acid dragon but do no damage.
The acid dragon is severely wounded.
The acid dragon bites you but does no damage.
The acid dragon claws you but does no damage.
You barely miss the acid dragon.
The acid dragon is severely wounded.
The acid dragon spits acid at you. The splash of acid hits you!!!
Ouch! That really hurt!
You die...

#################.....#
#.......#.......#.....#
#.......#.......#.....#
#.......'..##...#.....#
#
#.......#..##...###'###
#
#..##..##...#.........#
#
#########...#.........#
# #...###+####.######
#.@.##..####.###.#.
#.D..............#.
##...............#.
#..##..#######'##.
...##..# #........ ....
...+........ ....
..#........ ##..##
#........ ....#####+


You could see an acid dragon (catching breath).

Vanquished Creatures
  Pikel (D:6)
  Menkaure (D:6)
  A black bear (D:5)
  5 ogres
  A phantom (D:4)
  A gnoll sergeant (D:4)
  A scorpion (D:3)
  4 howler monkeys
  4 hounds
  A sleepcap (D:4)
  Jessica (D:3)
  Natasha (thrice) (D:3)
  An iguana (D:6)
  Terence (D:3)
  27 gnolls
  4 adders
  A white imp (D:6)
  An ufetubus (D:6)
  2 dart slugs
  24 orcs
  7 ball pythons
  9 endoplasms
  7 giant cockroaches
  3 goblins
  9 hobgoblins
  16 jackals
  5 kobolds
  5 quokkas
  6 bats
  4 frilled lizards (D:1)
  7 rats
163 creatures vanquished.

Vanquished Creatures (others)
  A fungus (D:4)
  4 plants (D:4)
5 creatures vanquished.

Grand Total: 168 creatures vanquished

Notes
Turn   | Place    | Note
-------+----------+-------------------------------------------
     0 | D:1      | Arzdou the Gargoyle Fighter began the quest for the Orb.
     0 | D:1      | Reached XP level 1. HP: 14/14 MP: 1/1
   164 | D:1      | Reached XP level 2. HP: 14/19 MP: 2/2
   290 | D:1      | Reached skill level 3 in Maces & Flails
   421 | D:1      | Reached XP level 3. HP: 23/23 MP: 3/3
   467 | D:1      | Found a faded altar of an unknown god.
  1440 | D:2      | Found the amulet of Elemental Vulnerability {rPois rF--
                  | rC-- AC+8}
  1837 | D:3      | Reached skill level 4 in Maces & Flails
  1842 | D:3      | Reached XP level 4. HP: 28/28 MP: 4/4
  1920 | D:3      | Noticed Natasha
  1932 | D:3      | Killed Natasha
  2022 | D:3      | Noticed Jessica
  2030 | D:3      | Killed Jessica
  2031 | D:3      | Reached XP level 5. HP: 32/32 MP: 5/5
  2048 | D:3      | Reached skill level 5 in Maces & Flails
  2138 | D:3      | Noticed Terence
  2139 | D:3      | Found Heblymp's Book Shop.
  2139 | D:3      | Found a blossoming altar of Fedhas.
  2151 | D:3      | Killed Terence
  2222 | D:3      | Noticed Natasha
  2233 | D:3      | Killed Natasha
  2234 | D:3      | Reached skill level 6 in Maces & Flails
  2234 | D:3      | Reached XP level 6. HP: 30/37 MP: 6/6
  2477 | D:3      | Noticed Natasha
  2482 | D:3      | Killed Natasha
  2742 | D:4      | Reached skill level 7 in Maces & Flails
  2742 | D:4      | Reached XP level 7. HP: 38/41 MP: 7/7
  3061 | D:4      | Reached skill level 8 in Maces & Flails
  3375 | D:4      | Reached XP level 8. HP: 42/46 MP: 8/8
  3433 | D:4      | Reached skill level 9 in Maces & Flails
  3695 | D:4      | Found a staircase to the Ecumenical Temple.
  3712 | Temple   | Entered the Ecumenical Temple
  3847 | D:5      | Entered Level 5 of the Dungeon
  3881 | Temple   | Became a worshipper of Elyvilon the Healer
  4421 | D:4      | Reached skill level 10 in Maces & Flails
  4667 | D:5      | Reached skill level 5 in Armour
  5080 | D:6      | Found a broken altar of Ashenzari.
  5139 | D:6      | Reached * piety under Elyvilon
  5176 | D:6      | Noticed Menkaure
  5185 | D:6      | Killed Menkaure
  5186 | D:6      | Reached XP level 9. HP: 42/51 MP: 9/9
  5276 | D:6      | Noticed Pikel
  5295 | D:6      | Killed Pikel
  5296 | D:6      | Reached skill level 5 in Fighting
  5530 | D:6      | Killed from afar by an acid dragon

Illustrated notes

Levels and vault maps discovered:
D:1:      shiori_arrival_elements, layout_basic,
          hellmonk_ecumenical_altar_run_dry, minmay_shallow_snake_nest
D:2:      layout_rooms, corner_web_ring, serial_park_tiny_pond, hex_large
D:3:      layout_loops_cross, fedhas_altar_fruit_tree, serial_shops,
          nicolae_shop_pleasant_corner_grove, grunt_decor_fettered,
          kennysheep_generic_room_2, uniq_terence, uniq_jessica, uniq_natasha
D:4:      lemuel_castle_with_subvaults [lemuel_castle_interior_carwin_1],
          layout_cave_pools, minmay_temple_entry_enclosed_plants,
          kennysheep_opposing_triangles
D:5:      layout_rooms
D:6:      layout_gridville, evilmike_ruin_ashenzari, nemelex_dance_club_becter,
          uniq_pikel, uniq_menkaure
Temple:   nicolae_temple_ecumenical_triangle

Skill      XL: |  1  2  3  4  5  6  7  8  9 |
---------------+----------------------------+-----
Maces & Flails | 3 4 6 7 8 10 | 10.0
Armour         | 6 7 |  7.0
Fighting       | 5 |  5.8
Shields        | |  3.3

Action                     |  1- 3 |  4- 6 |  7- 9 || total
---------------------------+-------+-------+-------++-------
  Melee: Flail             |    84 |       |       ||    84
         Mace              |    43 |   105 |   348 ||   496
         Whip              |       |       |    44 ||    44
    Use: Potion            |       |     1 |     3 ||     4
         Scroll            |       |       |     5 ||     5
 Armour: Scale mail        |    68 |    63 |   278 ||   409
  Dodge: Dodged            |    66 |    59 |   203 ||   328
  Block: Buckler           |    21 |    23 |    79 ||   123
